 Dungeon Crawl Stone Soup version bcrawl-1.19-7-g22fd707d3b (webtiles) character file.

Game seed: 3291158078461911270

2439552 Artagas the Orcish Catastrophe (level 27, 250/250 HPs)
             Began as a Hill Orc Fighter on Nov 14, 2019.
             Was an Elder of Qazlal.
             Escaped with the Orb
             ... and 4 runes on Nov 15, 2019!
             The game lasted 03:11:05 (65542 turns).

Artagas the Orcish Catastrophe (Hill Orc Fighter)  Turns: 65542, Time: 03:11:05

Health: 250/250    AC: 44    Str: 32      XL:     27
Magic:  54/54      EV: 15    Int: 15      God:    Qazlal [****..]
Gold:   4872       SH: 42    Dex:  8 (10) Spells: 26/26 levels left

rFire    + + +     SeeInvis .   b - +9 broad axe (flame)
rCold    + . .     Gourm    .   V - +7 large shield
rNeg     + . .     Faith    .   R - +10 plate armour {MR+}
rPois    +         Spirit   .   t - +0 helmet of the Cricket {*Contam rF+ Slay+3 Stlth+}
rElec    +         Reflect  +   Z - +1 cloak
rCorr    +         Harm     .   a - +0 pair of gloves of Pragmatism {*Corrode rF+ MP+9 Int+5}
MR       ++++.                  M - +4 pair of boots "Merghesou" {rC+ rCorr}
Stlth    ..........             u - amulet of Uquip {Reflect rElec SH+5}
HPRegen  0.51/turn              B - ring of Dishonour {rPois rF+ rN+ MP+9}
MPRegen  0.34/turn              m - ring of protection from magic

@: repel missiles
A: clever 1, deterioration 1, low mp 1, mutation resistance 1, poison resistance
0: Orb of Zot
}: 4/15 runes: decaying, slimy, silver, gossamer
a: Upheaval, Elemental Force, Renounce Religion


You escaped.
You worshipped Qazlal.
Qazlal was greatly pleased with you.
You were full.

You visited 12 branches of the dungeon, and saw 49 of its levels.
You visited 1 bazaar.
You also visited: Ossuary and Ice Cave.

You collected 8197 gold pieces.
You spent 3325 gold pieces at shops.

Inventory:

Hand Weapons
 b - a +9 broad axe of flaming (weapon)
   (You took it off a hell knight on level 1 of the Depths)
 G - the +3 broad axe "Mooziergh" {flame, MP+9 Str+3 Dex+6 Stlth+}
   (You found it on level 3 of the Elven Halls)

   It has been specially enchanted to burn those struck by it, causing extra
   injury to most foes and up to half again as much damage against particularly
   susceptible opponents.
   Big, fiery blades are also staple armaments of hydra-hunters.
   It affects your strength (+3).
   It affects your dexterity (+6).
   It affects your magic capacity (+9).
   It makes you more stealthy.
Armour
 a - the +0 pair of gloves of Pragmatism (worn) {*Corrode rF+ MP+9 Int+5}
   (You found it on level 3 of the Elven Halls)

   It affects your intelligence (+5).
   It protects you from fire.
   It affects your magic capacity (+9).
   It may corrode you when you take damage.
 l - the +6 scale mail of Lies {rCorr Str+4 Int+3 Dex-5}
   (You found it on level 5 of the Realm of Zot)

   It affects your strength (+4).
   It affects your intelligence (+3).
   It affects your dexterity (-5).
   It provides partial protection from all sources of acid and corrosion.
 p - a +2 pair of gloves of strength
   (You found it on level 3 of the Vaults)
 t - the +0 helmet of the Cricket (worn) {*Contam rF+ Slay+3 Stlth+}
   (You bought it in a shop on level 3 of the Elven Halls)

   It affects your accuracy and damage with ranged weapons and melee attacks
   (+3).
   It protects you from fire.
   It causes magical contamination when unequipped.
   It makes you more stealthy.
 M - the +4 pair of boots "Merghesou" (worn) {rC+ rCorr}
   (You found it on level 9 of the Dungeon)

   It protects you from cold.
   It provides partial protection from all sources of acid and corrosion.
 R - a +10 plate armour of magic resistance (worn)
   (You found it on level 1 of the Lair of Beasts)
 V - a +7 large shield (worn)
   (You found it on level 3 of the Spider Nest)
 Z - a +1 cloak (worn)
   (You took it off a draconian monk on level 5 of the Depths)
Jewellery
 i - an uncursed ring of see invisible
   (You found it on level 3 of the Elven Halls)
 m - a ring of protection from magic (right hand)
   (You found it on level 4 of the Dungeon)
 u - the amulet of Uquip (around neck) {Reflect rElec SH+5}
   (You found it on level 6 of the Lair of Beasts)

   [amulet of reflection]

   It shields you and reflects attacks.
   It insulates you from electricity.
   It affects your SH (+5).
 B - the ring of Dishonour (left hand) {rPois rF+ rN+ MP+9}
   (You found it on level 3 of the Vaults)

   [ring of protection from fire]

   It protects you from fire.
   It protects you from poison.
   It protects you from negative energy.
   It affects your magic capacity (+9).
 F - the ring "Kehis" {rF+ rC+ Int+2}
   (You took it off a vault warden on level 3 of the Vaults)

   [ring of protection from cold]

   It affects your intelligence (+2).
   It protects you from fire.
   It protects you from cold.
 N - a +5 ring of slaying
   (You found it on level 10 of the Dungeon)
Wands
 c - a wand of acid (10)
   (You found it on level 2 of the Crypt)
 o - a wand of clouds (4)
   (You found it on level 6 of the Lair of Beasts)
 r - a wand of iceblast (28)
   (You found it on level 1 of the Spider Nest)
 v - a wand of digging (27)
   (You took it off a necromancer on level 2 of the Crypt)
 I - a wand of scattershot (2)
   (You found it on level 11 of the Dungeon)
 O - a wand of paralysis (46)
   (You found it on level 3 of the Elven Halls)
 Q - a wand of enslavement (33)
   (You found it on level 5 of the Dungeon)
Scrolls
 y - 3 scrolls of immolation
 z - 4 scrolls of blinking
 C - 6 scrolls of magic mapping
 J - 9 scrolls of fear
 L - 22 scrolls of remove curse
 P - 2 scrolls of summoning
 S - 2 scrolls of silence
 T - 19 scrolls of teleportation
 Y - 10 scrolls of fog
Potions
 d - 4 potions of might
 f - 2 potions of berserk rage
 g - 4 potions of mutation
 h - 3 potions of haste
 j - 2 potions of invisibility
 n - 3 potions of resistance
 q - 17 potions of curing
 s - 9 potions of agility
 w - 4 potions of heal wounds
 x - 8 potions of brilliance
 A - 6 potions of flight
 E - 4 potions of ambrosia
 H - 4 potions of cancellation
 K - 2 potions of lignification
 W - 4 potions of magic
Miscellaneous
 U - a lamp of fire
   (You found it on level 2 of the Lair of Beasts)
Comestibles
 e - 57 rations {!d}


   Skills:
 + Level 21.2 Fighting
   Level 21.2 Short Blades
   Level 21.2 Long Blades
   Level 21.2 Axes
   Level 21.2 Maces & Flails
   Level 21.2 Polearms
   Level 21.2 Staves
 + Level 23.7 Armour
 + Level 16.0 Dodging
 + Level 21.9 Shields
   Level 21.2 Unarmed Combat
 O Level 27 Invocations
 - Level 5.1 Evocations


You had 26 spell levels left.
You didn't know any spells.
Your spell library contained the following spells:

 Spells                   Type           Power        Failure   Level  Hunger
 Animate Skeleton         Necr           N/A          77%         1    ##.....
 Apportation              Tloc           #.....       77%         1    ##.....
 Beastly Appendage        Tmut           #.....       77%         1    ##.....
 Corona                   Hex            #......      77%         1    ##.....
 Flame Tongue             Conj/Fire      #....        77%         1    ##.....
 Freeze                   Ice            #.....       77%         1    ##.....
 Infusion                 Chrm           #.......     77%         1    ##.....
 Magic Dart               Conj           #...         77%         1    ##.....
 Pain                     Necr           #.....       77%         1    ##.....
 Sandblast                Erth           #.....       77%         1    ##.....
 Shock                    Conj/Air       #....        77%         1    ##.....
 Slow                     Hex            #.......     77%         1    ##.....
 Summon Butterflies       Summ           #.......     77%         1    ##.....
 Summon Small Mammal      Summ           #...         77%         1    ##.....
 Call Imp                 Summ           #.....       88%         2    ###....
 Corpse Rot               Necr           N/A          88%         2    ###....
 Ensorcelled Hibernation  Hex/Ice        #.....       88%         2    ###....
 Flaming Arrows           Chrm/Fire      #.......     88%         2    ###....
 Passwall                 Tmut/Erth      #.......     88%         2    ###....
 Poisonous Vapours        Pois/Air       #.....       88%         2    ###....
 Searing Ray              Conj           #.....       88%         2    ###....
 Shackle                  Hex            #.......     88%         2    ###....
 Sticks to Snakes         Tmut           #.......     88%         2    ###....
 Sublimation of Blood     Necr           #.........   88%         2    ###....
 Swiftness                Chrm/Air       #.......     88%         2    ###....
 Throw Frost              Conj/Ice       #.....       88%         2    ###....
 Beckoning                Tloc           #.........   98%         3    ####...
 Call Canine Familiar     Summ           #.......     98%         3    ####...
 Confuse                  Hex            #.......     98%         3    ####...
 Conjure Flame            Conj/Fire      #.......     98%         3    ####...
 Dazzling Spray           Conj/Hex       #.....       98%         3    ####...
 False Image              Hex/Summ       #.......     98%         3    ####...
 Ignite Poison            Fire/Tmut/Pois #.......     98%         3    ####...
 Inner Flame              Hex/Fire       N/A          98%         3    ####...
 Iskenderun's Mystic Bla  Conj           #.......     98%         3    ####...
 Mephitic Cloud           Conj/Pois/Air  #.......     98%         3    ####...
 Ozocubu's Armour         Chrm/Ice       #.......     98%         3    ####...
 Portal Projectile        Tloc           #.....       98%         3    ####...
 Recall                   Summ/Tloc      N/A          98%         3    ####...
 Regeneration             Chrm/Necr      #.........   98%         3    ####...
 Spider Form              Tmut/Pois      #..          98%         3    ####...
 Static Discharge         Air            #.......     98%         3    ####...
 Stone Arrow              Conj/Erth      #.....       98%         3    ####...
 Tukima's Dance           Hex            #.......     98%         3    ####...
 Vampiric Draining        Necr           #.........   98%         3    ####...
 Airstrike                Air            #.........   100%        4    #####..
 Animate Dead             Necr           N/A          100%        4    #####..
 Cause Fear               Hex            #.........   100%        4    #####..
 Force Lance              Tloc           #.......     100%        4    #####..
 Fulminant Prism          Conj/Hex       #.........   100%        4    #####..
 Ice Form                 Ice/Tmut       #.......     100%        4    #####..
 Petrify                  Tmut/Erth      #.......     100%        4    #####..
 Sticky Flame             Conj/Fire      #.......     100%        4    #####..
 Summon Ice Beast         Ice/Summ       #.......     100%        4    #####..
 Throw Icicle             Conj/Ice       #.......     100%        4    #####..
 Yara's Violent Unravell  Hex/Tmut       #.........   100%        4    #####..
 Agony                    Necr           #.......     100%        5    ######.
 Blade Hands              Tmut           #.........   100%        5    ######.
 Bolt of Draining         Conj/Necr      #.........   100%        5    ######.
 Bolt of Magma            Conj/Fire/Erth #.........   100%        5    ######.
 Dispel Undead            Necr           #.......     100%        5    ######.
 Fireball                 Conj/Fire      #.........   100%        5    ######.
 Irradiate                Conj/Tmut      #.........   100%        5    ######.
 Iskenderun's Battlesphe  Conj/Chrm      #.......     100%        5    ######.
 Lee's Rapid Deconstruct  Erth           #.........   100%        5    ######.
 Lightning Bolt           Conj/Air       #.........   100%        5    ######.
 Metabolic Englaciation   Hex/Ice        #.........   100%        5    ######.
 Piercing Shot            Chrm           #.........   100%        5    ######.
 Silence                  Hex/Air        #.........   100%        5    ######.
 Summon Forest            Summ/Tloc      #.........   100%        5    ######.
 Summon Lightning Spire   Summ/Air       #.......     100%        5    ######.
 Tree Form                Hex/Tmut       N/A          100%        5    ######.
 Bolt of Cold             Conj/Ice       #.........   100%        6    #######
 Bolt of Fire             Conj/Fire      #.........   100%        6    #######
 Borgnjor's Vile Clutch   Necr/Erth      #.........   100%        6    #######
 Conjure Ball Lightning   Conj/Air       #.........   100%        6    #######
 Darkness                 Hex            #.........   100%        6    #######
 Death Channel            Chrm/Necr      #.........   100%        6    #######
 Deflect Missiles         Chrm/Air       #.........   100%        6    #######
 Dispersal                Tloc           #.........   100%        6    #######
 Freezing Cloud           Ice/Air        #.........   100%        6    #######
 Infestation              Hex/Tmut/Pois  #........    100%        6    #######
 Invisibility             Hex            #.......     100%        6    #######
 Ozocubu's Refrigeration  Ice            #.........   100%        6    #######
 Shadow Creatures         Summ           N/A          100%        6    #######
 Simulacrum               Ice/Necr       #.........   100%        6    #######
 Statue Form              Tmut/Erth      #........    100%        6    #######
 Steam Barrier            Chrm/Fire      #.........   100%        6    #######
 Dragon Form              Tmut           #......      100%        7    #######
 Haunt                    Necr/Summ      #.........   100%        7    #######
 Malign Gateway           Summ/Tloc      #.........   100%        7    #######
 Mana Rupture             Conj/Hex       #.........   100%        7    #######
 Monstrous Menagerie      Summ           #.........   100%        7    #######
 Summon Greater Demon     Summ           #.........   100%        7    #######
 Controlled Blink         Tloc           N/A          100%        8    #######
 Discord                  Hex            #.........   100%        8    #######
 Necromutation            Tmut/Necr      #.......     100%        8    #######
 Summon Horrible Things   Summ           #.........   100%        8    #######
 Time Stop                Chrm/Tloc      N/A          100%        8    #######
 Shatter                  Erth           #.........   100%        9    #######
 Tornado                  Air            #.........   100%        9    #######
 Passage of Golubria      Tloc           Unusable     N/A         5    N/A

Dungeon Overview and Level Annotations

Branches:
Dungeon (12/12)            Temple (1/1) D:6            Lair (6/6) D:9
  Swamp (3/3) Lair:4       Spider (3/3) Lair:4        Slime (5/5) Lair:5
    Orc (1/1) D:10            Elf (3/3) Orc          Vaults (3/3) D:12
  Crypt (2/2) Vaults:2       Tomb (0/3) Crypt:2      Depths (5/5) D:12
    Zot (5/5) Depths:5

Altars:
Ashenzari
Cheibriados
Dithmenos
Elyvilon
Fedhas
Gozag
Hepliaklqana
Kikubaaqudgha
Lugonu
Makhleb
Nemelex Xobeh
Okawaru
Qazlal
Ru
Sif Muna
Trog
Uskayaw
Vehumet
Wu Jian
Xom
Yredelemnul
Zin
The Shining One
Beogh
Jiyva

Shops:
D:5 ?   D:8 *   Orc [(=*[   Elf:1 *!=*   Elf:3 *   Vaults:1 [

Portals:
Hell: Depths:1 Depths:2 Depths:3 Depths:4 Depths:5
Abyss: Depths:2 Depths:4
Pandemonium: Depths:1 Depths:3 Depths:4
Ziggurat: Depths:1

Annotations:
Zot:1 1 runed translucent door


Innate Abilities, Weirdness & Mutations

Your mind is acute. (Int +2)
Your body sometimes deteriorates upon taking damage.
Your magical capacity is low. (-10% MP)
You are somewhat resistant to further mutation.
Your system is resistant to poisons. (rPois)


Message History

There is a stone staircase leading down here.
An Executioner comes into view.
The Executioner gestures.
The Executioner seems to speed up.
There is a stone staircase leading up here.
You block the Executioner's attack. x2; The Executioner barely misses you.
You block the Executioner's attack. x2
The Executioner hits you but does no damage.
You climb upwards.
There is a stone staircase leading down here.
(D) Dungeon (T) Temple (L) Lair (S) Swamp (N) Spider Nest (M) Slime Pits (O) Orcish Mines (E) Elven Halls (V) Vaults (C) Crypt (W) Tomb (U) Depths (H) Hell (Z) Zot
Where to? (Enter - D:1 @ (x,y), ? - help)
What level of the Dungeon? (default 1, ? - help)
There is a stone staircase leading up here.
You climb upwards.
There is a stone staircase leading down, spattered with blood here.
HP restored.
There is a stone staircase leading up, spattered with blood here.
You climb upwards.
There is a stone staircase leading down here.
An Orb Guardian comes into view.
You slash the Orb Guardian! You burn the Orb Guardian.
The Orb Guardian is moderately wounded.
The Orb Guardian hits you!!
You hit the Orb Guardian but do no damage.
The Orb Guardian is moderately wounded.
You block the Orb Guardian's attack.
The Orb Guardian hits you but does no damage.
You hit the Orb Guardian. You burn the Orb Guardian.
The Orb Guardian is moderately wounded.
You block the Orb Guardian's attack.
You closely miss the Orb Guardian.
The Orb Guardian is moderately wounded.
You block the Orb Guardian's attack.
You hit the Orb Guardian. You burn the Orb Guardian.
The Orb Guardian is moderately wounded.
You block the Orb Guardian's attack.
You barely miss the Orb Guardian.
The Orb Guardian is moderately wounded.
You block the Orb Guardian's attack.
You hit the Orb Guardian. You burn the Orb Guardian.
The Orb Guardian is moderately wounded.
You block the Orb Guardian's attack.
You slash the Orb Guardian! You burn the Orb Guardian!
The Orb Guardian is severely wounded.
The Orb Guardian is engulfed in blazing flames.
You block the Orb Guardian's attack.
You slash the Orb Guardian! You burn the Orb Guardian.
You kill the Orb Guardian!
Qazlal accepts your kill.
(D) Dungeon (T) Temple (L) Lair (S) Swamp (N) Spider Nest (M) Slime Pits (O) Orcish Mines (E) Elven Halls (V) Vaults (C) Crypt (W) Tomb (U) Depths (H) Hell (Z) Zot
Where to? (Enter - D:1 @ (x,y), ? - help)
An Executioner comes into view.
There is a stone staircase leading up here.
You climb upwards.
There is a stone staircase leading down here.
(D) Dungeon (T) Temple (L) Lair (S) Swamp (N) Spider Nest (M) Slime Pits (O) Orcish Mines (E) Elven Halls (V) Vaults (C) Crypt (W) Tomb (U) Depths (H) Hell (Z) Zot
Where to? (Enter - D:1 @ (x,y), ? - help)
A chaos spawn comes into view.
(D) Dungeon (T) Temple (L) Lair (S) Swamp (N) Spider Nest (M) Slime Pits (O) Orcish Mines (E) Elven Halls (V) Vaults (C) Crypt (W) Tomb (U) Depths (H) Hell (Z) Zot
Where to? (Enter - D:1 @ (x,y), ? - help)
A chaos spawn is nearby!
There is a stone staircase leading up here.
You climb upwards.
There is a stone staircase leading down here.
You are a level 27 Hill Orc Fighter.
I'm sorry, level 27 is as high as you can go.
With the way you've been playing, I'm surprised you got this far.
Play time: 03:11:00 (65505 turns)
(D) Dungeon (T) Temple (L) Lair (S) Swamp (N) Spider Nest (M) Slime Pits (O) Orcish Mines (E) Elven Halls (V) Vaults (C) Crypt (W) Tomb (U) Depths (H) Hell (Z) Zot
Where to? (Enter - D:1 @ (x,y), ? - help) HP restored.
There is a stone staircase leading up here.
You climb upwards.
There is a stone staircase leading down here.
There is a stone staircase leading up here.
You climb upwards.
A cherub comes into view.
It is wielding a +4 long sword of flaming.
There is a stone staircase leading down here.
There is a staircase leading out of the dungeon here.
The cherub unwields a +4 long sword of flaming.
It stops flaming.
The cherub wields a +0 longbow.
The cherub shoots an arrow.
You reflect the arrow off an invisible shield around you!
The arrow hits the cherub!
You have escaped!

#.# ####....# # #.#
##.......# ### #.#
#..####..# #.. ##.# #.##
##.# #.. ##..####.#
#.##########.. #.§......##
##......##[....
#..§≈≈≈≈..####..≈≈≈≈..#.....
#..≈≈≈≈≈≈.○○.°.≈A≈≈≈≈.#.....
#..§≈≈≈≈≈..@>..≈≈≈≈≈≈.......
#..≈≈≈§≈≈...°..≈≈≈≈≈≈..##...
#...§≈≈≈..○##...≈≈≈≈...##...
#.........####.........##...
##...###### ######(..######
##### #####


You could see a cherub.

Vanquished Creatures
  4 orbs of fire (Zot:5)
  Mara (Vaults:3)
  8 ancient liches
  Sojobo (Depths:2)
  6 Killer Klowns
  10 golden dragons
  Boris (thrice) (Depths:4 Depths:5 Crypt:2)
  3 curse toes
  A caustic shrike (Depths:4)
  Frederick (Depths:4)
  2 bone dragons
  2 electric golems (Zot:5)
  A Shadow Fiend (Depths:3)
  A shard shrike zombie (Crypt:1)
  2 Orb Demons
  8 tentacled monstrosities
  Jorgrun (Elf:2)
  25 Orb Guardians
  5 liches
  5 quicksilver dragons
  2 deep elf blademasters (Elf:3)
  2 death cobs
  12 acid blobs
  4 sphinxes
  A thorn hunter (Swamp:1)
  9 shadow dragons
  12 storm dragons
  8 tengu reavers
  Kirke (D:12)
  Roxanne (Elf:2)
  3 azure jellies
  Donald (Elf:1)
  3 draconian monks (Depths:5)
  A balrug (Depths:1)
  7 frost giants
  A draconian knight (Zot:3)
  7 fire giants
  2 cacodemons
  5 deep elf sorcerers
  4 emperor scorpions
  10 vault wardens
  3 curse skulls
  An iron dragon (Depths:3)
  4 draconian scorchers
  6 ghost moths
  14 stone giants
  2 draconian shifters (Zot:3)
  3 reapers (Crypt:2)
  6 draconian annihilators
  15 very ugly things
  2 spriggan defenders
  2 ghouls (Crypt:1)
  4 deep elf elementalists (Elf:3)
  8 ironheart preservers
  6 entropy weavers
  5 green draconians
  The ghost of Fifowuza the Grappler, a journeyman DrTm of Wu Jian (Lair:4)
  7 white draconians
  10 deep elf demonologists
  8 black draconians
  6 yellow draconians
  4 purple draconians
  3 spark wasps
  9 deep elf annihilators
  A merfolk javelineer (Depths:4)
  6 deep elf death magi
  7 red draconians
  A dire elephant (D:12)
  5 eidola
  13 ettins
  3 death oozes
  8 fire dragons
  A mummy priest (Crypt:2)
  A blizzard demon (Zot:5)
  7 jiangshi (Crypt:1)
  12 yaktaur captains
  2 deep elf high priests
  6 ice dragons
  9 great orbs of eyes
  4 rakshasas
  3 spriggan air magi
  29 vault guards
  2 shambling mangroves
  A catoblepas (Lair:2)
  4 ghost crabs
  12 hydras
  5 death knights
  11 centaur warriors
  12 ogre magi
  39 two-headed ogres
  A queen ant (Spider:3)
  12 deep troll earth magi
  7 alligators
  4 vampire magi
  32 dancing weapons
  A tengu warrior (Depths:5)
  6 deep troll shamans
  3 spriggan berserkers
  2 titan zombies
  7 orc high priests
  Sonja (D:11)
  9 soul eaters
  A storm dragon zombie (Crypt:2)
  17 hell knights
  15 deep elf knights
  2 shadow wraiths
  5 titan skeletons
  2 iron trolls (Depths:2)
  3 sun demons
  2 sixfirhies
  7 death drakes (Depths:5)
  17 skeletal warriors (Depths:3)
  A golden dragon zombie (Crypt:2)
  2 salamander mystics (Depths:4)
  2 spriggan druids (Swamp:2)
  4 storm dragon skeletons (Depths:3)
  4 glowing orange brains
  17 deep trolls
  2 shadow dragon zombies
  A swamp dragon (shapeshifter) (Depths:3)
  2 torturous demonspawn
  A flayed ghost (Depths:2)
  10 deep elf archers
  19 necromancers
  3 unseen horrors
  3 golden dragon skeletons (Depths:3)
  2 wizards
  14 phantasmal warriors
  9 ironbrand convokers
  2 spectral hydras (Swamp:3)
  3 swamp dragons
  2 orc knights
  4 cyclopes
  2 wolf spider zombies
  2 harpies (Vaults:1)
  2 lindwurms (Depths:5)
  10 orb spiders
  A frost giant zombie (Crypt:1)
  2 shining eyes
  8 salamanders
  2 shadow dragon skeletons (Depths:3)
  23 wolf spiders
  An orc sorcerer (Orc)
  2 manticores
  A tengu skeleton (Depths:3)
  44 deep elf magi
  The ghost of PlayerOfArmor the Carver, a novice DsGl (D:6)
  31 ugly things
  A wolf spider (shapeshifter) (D:12)
  6 oklob plants
  3 stone giant zombies (Crypt:2)
  8 frost giant skeletons
  A salamander (shapeshifter) (Elf:3)
  14 moths of wrath
  2 iron dragon skeletons (Depths:3)
  A sphinx skeleton (Vaults:2)
  3 human skeletons
  2 black mambas (shapeshifter)
  3 black mambas
  A guardian serpent (shapeshifter) (Elf:1)
  8 elephants
  Maurice (D:10)
  2 stone giant skeletons
  3 eyes of devastation
  A torpor snail (shapeshifter) (Elf:2)
  A cane toad (shapeshifter) (Depths:3)
  17 cane toads
  An orange demon (Zot:2)
  3 spriggan skeletons (Depths:3)
  A centaur skeleton (D:11)
  A torpor snail (Spider:2)
  A smoke demon (Zot:5)
  A hellion (Depths:4)
  4 fire giant skeletons
  12 vault sentinels
  2 dire elephant skeletons (Crypt:2)
  A minotaur zombie (Crypt:2)
  A gargoyle (D:12)
  31 yaktaurs
  4 kobold demonologists
  6 demonic crawlers
  8 komodo dragons
  4 swamp worm zombies (Swamp:3)
  16 freezing wraiths
  An efreet (D:12)
  2 anaconda simulacra (IceCv)
  16 hellwings
  6 ice devils (IceCv)
  6 guardian mummies
  A red devil (Depths:4)
  2 grey draconian skeletons (Crypt:1)
  20 jumping spiders
  A tengu conjurer (Depths:5)
  A meliai (shapeshifter) (Vaults:3)
  A queen bee (D:12)
  6 trolls
  3 meliai (D:12)
  A merfolk (D:10)
  4 polar bears
  4 hydra zombies
  A wolf spider simulacrum (IceCv)
  A hydra skeleton (Crypt:1)
  6 bog bodies
  25 hornets
  2 blink frogs (Lair:6)
  2 wind drakes (Depths:5)
  7 tyrant leeches
  2 dream sheep (Lair:6)
  A stone giant simulacrum (Vaults:2)
  2 ettin zombies (Crypt:2)
  A human simulacrum (Vaults:1)
  A dream sheep (shapeshifter) (Elf:3)
  A harpy skeleton (Crypt:2)
  A frost giant simulacrum (Vaults:2)
  4 alligator zombies (Swamp:3)
  5 hippogriffs
  79 slime creatures
  A tarantella zombie (Crypt:1)
  2 spectral swamp dragons (Swamp:3)
  3 fire dragon zombies (Crypt:2)
  A guardian serpent skeleton (Crypt:1)
  40 redbacks
  14 tarantellas
  6 wraiths
  An air elemental (Elf:2)
  12 flying skulls (Depths:3)
  19 water elementals
  3 shadows
  A redback (shapeshifter) (Elf:3)
  An ettin skeleton (Vaults:2)
  2 wyverns
  An ice dragon skeleton (Crypt:2)
  A fire dragon skeleton (Crypt:2)
  A spriggan (shapeshifter) (Vaults:3)
  23 spriggans
  A ynoxinul (Depths:1)
  40 yaks
  3 dire elephant simulacra (IceCv)
  A basilisk (shapeshifter) (D:12)
  2 fire elementals (Elf:2)
  A yaktaur simulacrum (Vaults:2)
  A chaos spawn (Depths:1)
  3 hogs (D:12)
  16 vampire mosquitoes
  3 iron troll simulacra (IceCv)
  A two-headed ogre zombie (Crypt:1)
  4 harpy simulacra (IceCv)
  2 hungry ghosts
  A deep troll zombie (Crypt:1)
  5 insubstantial wisps (Swamp:3)
  A soldier ant (shapeshifter) (Vaults:2)
  3 hydra simulacra (IceCv)
  13 swamp worms
  An acid dragon (D:12)
  6 soldier ants (Spider:3)
  A deep troll skeleton (Crypt:1)
  4 water moccasins
  2 floating eyes (Depths:1)
  A floating eye (shapeshifter) (Elf:2)
  8 porcupines
  16 orc warriors
  5 swamp drakes
  A hornet zombie (D:11)
  4 swamp dragon zombies (Swamp:3)
  4 ice beasts
  A manticore zombie (Crypt:2)
  10 phantoms
  3 sky beasts
  8 black bears
  3 eyes of draining
  An eye of draining (shapeshifter) (Vaults:1)
  27 ogres
  35 wolves
  5 boggarts (Lair:6)
  2 necrophages
  A boggart (shapeshifter) (Depths:2)
  11 centaurs
  5 crocodiles
  18 bullfrogs
  4 big kobolds
  4 earth elementals (Elf:1)
  9 wyvern skeletons (Crypt:2)
  A water moccasin skeleton (D:7)
  An elephant simulacrum (IceCv)
  A scorpion (D:8)
  12 wights
  16 killer bees (D:12)
  5 howler monkeys
  2 electric eels
  4 crimson imps
  3 bullfrog zombies
  5 centaur zombies
  11 jellies
  5 hounds
  A quasit (Depths:1)
  A bullfrog skeleton (D:6)
  A gnoll shaman (Orc)
  29 orc priests
  Jessica (D:2)
  2 iguanas
  18 orc wizards
  3 polar bear simulacra (Lair:3)
  2 spectral swamp drakes (Swamp:3)
  2 troll simulacra (IceCv)
  28 worker ants
  3 wolf simulacra
  5 yak simulacra (Lair:3)
  4 centaur simulacra (IceCv)
  A hound zombie (D:5)
  13 mummies
  5 adders
  11 gnolls
  A swamp drake zombie (Swamp:3)
  2 naga simulacra (IceCv)
  2 ogre simulacra
  4 shadow imps
  9 white imps
  3 oozes
  6 ufetubi
  An adder skeleton (D:4)
  An adder zombie (D:8)
  A worm (D:2)
  4 dart slugs
  5 leopard geckos
  44 orcs
  5 bats
  4 giant cockroaches
  3 gnoll zombies (Ossuary)
  13 hobgoblins
  13 jackals
  3 quokkas
  3 frilled lizards
  3 goblins
  A hobgoblin zombie (Ossuary)
  15 kobolds
  3 kobold zombies (Ossuary)
  An orc skeleton (Crypt:1)
  An orc zombie (Ossuary)
  4 rats
  A river rat simulacrum (Lair:3)
  A bush (Lair:5)
  2 fungi
  6 plants
  5 withered plants (Crypt:2)
2104 creatures vanquished.

Vanquished Creatures (collateral kills)
  the Royal Jelly (Slime:5)
  Bai Suzhen (Elf:2)
  5 golden dragons
  A Shadow Fiend (Zot:2)
  The ghost of abarbat the Executioner, an adept MiBe of Trog (Vaults:1)
  A tentacled monstrosity (Zot:1)
  An Ice Fiend (IceCv)
  A quicksilver dragon (Zot:1)
  2 acid blobs (Slime:5)
  A sphinx (Depths:2)
  A shadow dragon (Vaults:3)
  2 frost giants
  A draconian monk (Depths:5)
  An azure jelly (Slime:5)
  Aizul (Elf:2)
  2 orc warlords (Vaults:1)
  A vault warden (Vaults:3)
  A draconian shifter (Zot:4)
  A draconian annihilator (Zot:1)
  2 green draconians
  2 red draconians
  2 black draconians
  A white draconian (Zot:1)
  A yellow draconian (Zot:1)
  A crystal guardian (Vaults:3)
  A great orb of eyes (Slime:5)
  4 death oozes (Slime:5)
  A hell beast (Zot:2)
  A hydra (Lair:6)
  2 deep troll earth magi
  A deep troll shaman (Depths:2)
  A hell knight (Depths:1)
  A death drake (Swamp:3)
  4 deep trolls
  An ironbrand convoker (Vaults:3)
  2 lindwurms (Depths:5)
  A phantasmal warrior (Swamp:3)
  A necromancer (Vaults:3)
  4 deep elf magi
  3 moths of wrath
  A smoke demon (Zot:5)
  A swamp worm zombie (Swamp:3)
  4 yaktaurs (Vaults:3)
  A troll (D:11)
  17 slime creatures
  A spectral swamp dragon (Swamp:3)
  A blink frog (Lair:6)
  A water elemental (Depths:1)
  A swamp drake (Depths:5)
  An orc warrior (Orc)
  A swamp dragon zombie (Swamp:3)
  A phantom (Swamp:3)
  An eye of draining (Slime:5)
  3 orc priests (Orc)
  An orc (Orc)
99 creatures vanquished.

Vanquished Creatures (others)
  2 tentacled monstrosities (Zot:4)
  An Orb Guardian (Zot:5)
  2 acid blobs (Slime:5)
  2 deep elf master archers (Elf:3)
  A tengu reaver (Depths:2)
  A shadow dragon (Zot:4)
  3 frost giants
  A storm dragon (Zot:4)
  4 azure jellies (Slime:5)
  3 vault wardens (Vaults:3)
  A fire giant (Depths:3)
  A ghost moth (Zot:1)
  A draconian shifter (Zot:5)
  7 stone giants
  2 draconian annihilators
  A very ugly thing (Vaults:2)
  2 black draconians
  4 purple draconians
  A yellow draconian (Zot:1)
  6 death oozes (Slime:5)
  A fire dragon (Depths:2)
  A great orb of eyes (Slime:5)
  3 yaktaur captains
  A merfolk impaler (Depths:5)
  An ice dragon (Depths:5)
  A hydra (Lair:6)
  2 deep troll shamans (Depths:5)
  3 deep troll earth magi (Depths:5)
  4 deep trolls (Depths:5)
  2 deep elf archers
  A harpy (Vaults:1)
  3 orc knights (Vaults:1)
  2 cyclopes (Vaults:1)
  A manticore (shapeshifter) (Depths:5)
  2 moths of wrath (Zot:5)
  10 yaktaurs
  2 slime creatures (Slime:5)
  2 water elementals
  2 humans (D:12)
  An orc warrior (Vaults:1)
  A phantom (Swamp:3)
  7 centaurs
  3 orc priests (Orc)
  An orc wizard (Orc)
  A gnoll (Orc)
  A white imp (IceCv)
  An ufetubus (IceCv)
  5 orcs
  A kobold (D:12)
  2 bushes (Zot:2)
  18 fungi
  11 plants
  5 withered plants (Crypt:2)
148 creatures vanquished.

Grand Total: 2351 creatures vanquished

Notes
Turn   | Place    | Note
-------+----------+-------------------------------------------
     0 | D:1      | Artagas the Hill Orc Fighter began the quest for the Orb.
     0 | D:1      | Reached XP level 1. HP: 20/20 MP: 1/1
    99 | D:1      | Reached XP level 2. HP: 26/28 MP: 2/2
   517 | D:1      | Reached XP level 3. HP: 34/34 MP: 3/3
   957 | D:2      | Reached skill level 5 in Fighting
  1202 | D:2      | Reached XP level 4. HP: 20/42 MP: 4/4
  1515 | D:2      | Noticed Jessica
  1536 | D:2      | Killed Jessica
  2309 | D:3      | Reached XP level 5. HP: 50/50 MP: 5/5
  2494 | D:3      | Found an ornate altar of the Wu Jian Council.
  3035 | D:4      | Found a radiant altar of Vehumet.
  3306 | D:4      | Noticed an ogre
  3308 | D:4      | Reached XP level 6. HP: 57/57 MP: 6/6
  3342 | D:4      | Noticed a hippogriff
  3497 | D:5      | Entered Level 5 of the Dungeon
  3499 | D:5      | Noticed an ice beast
  3518 | D:5      | Killed an ice beast
  3518 | D:5      | Reached skill level 6 in Fighting
  3518 | D:5      | Reached skill level 4 in Armour
  3518 | D:5      | Reached skill level 4 in Shields
  3855 | D:5      | Noticed an angel
  3856 | D:5      | Found a shimmering altar of Xom.
  3856 | D:5      | Found a glowing silver altar of Zin.
  3878 | D:5      | Found Zeot's Magic Scroll Shoppe.
  3883 | D:5      | Bought a scroll of identify for 28 gold pieces
  3883 | D:5      | Bought a scroll of immolation for 49 gold pieces
  3883 | D:5      | Bought a scroll of fog for 28 gold pieces
  3883 | D:5      | Bought a scroll of teleportation for 42 gold pieces
  3930 | D:5      | Noticed an ice beast
  3940 | D:5      | Killed an ice beast
  3940 | D:5      | Reached XP level 7. HP: 53/63 MP: 7/7
  3987 | D:5      | Found a sand-covered staircase.
  4015 | Ossuary  | Entered an ossuary
  4184 | Ossuary  | Reached skill level 5 in Shields
  4192 | Ossuary  | Reached skill level 5 in Armour
  4641 | D:5      | Reached skill level 1 in Evocations
  4938 | D:5      | Reached skill level 2 in Evocations
  5304 | D:6      | Reached skill level 7 in Fighting
  5304 | D:6      | Reached XP level 8. HP: 66/73 MP: 9/9
  5359 | D:6      | Noticed a hippogriff
  5360 | D:6      | Found a shimmering altar of Xom.
  5367 | D:6      | Killed a hippogriff
  5367 | D:6      | Reached skill level 3 in Evocations
  5538 | D:6      | Reached skill level 4 in Evocations
  5803 | D:6      | Found a white marble altar of Elyvilon.
  5887 | D:6      | Found a staircase to the Ecumenical Temple.
  5903 | Temple   | Entered the Ecumenical Temple
  6057 | Temple   | Became a worshipper of Qazlal Stormbringer
  6398 | D:6      | Found a runed translucent gate.
  6398 | D:6      | Found a runed translucent gate.
  6398 | D:6      | Found a runed translucent gate.
  6400 | D:6      | Noticed a two-headed ogre
  6400 | D:6      | Noticed a two-headed ogre
  6401 | D:6      | Noticed PlayerOfArmor's ghost (novice DsGl)
  6547 | D:6      | Reached skill level 8 in Fighting
  6547 | D:6      | Reached skill level 5 in Evocations
  7054 | D:7      | Reached skill level 1 in Invocations
  7054 | D:7      | Reached XP level 9. HP: 71/81 MP: 12/12
  7099 | D:7      | Reached skill level 2 in Invocations
  7131 | D:7      | Found a corrupted altar of Lugonu.
  7233 | D:6      | HP: 7/81 [yak (11)]
  7680 | D:7      | Reached skill level 3 in Invocations
  7849 | D:7      | Reached skill level 6 in Armour
  7951 | D:7      | Reached skill level 6 in Shields
  7958 | D:7      | Reached skill level 4 in Invocations
  8401 | D:7      | Reached skill level 5 in Invocations
  8705 | D:6      | Reached skill level 9 in Fighting
  8940 | D:7      | Found a blossoming altar of Fedhas.
  8940 | D:7      | Found a shadowy altar of Dithmenos.
  8940 | D:7      | Found a burning altar of Makhleb.
  8948 | D:7      | Found an opulent altar of Gozag.
  8953 | D:7      | Found a shattered altar of Ashenzari.
  9349 | D:6      | Reached * piety under Qazlal
  9349 | D:6      | Reached XP level 10. HP: 65/91 MP: 14/14
  9621 | D:7      | Reached skill level 6 in Invocations
  9716 | D:7      | Found a white marble altar of Elyvilon.
  9725 | D:7      | Found a hide-covered altar of Uskayaw.
  9802 | D:8      | Found a bloodstained altar of Trog.
  9994 | D:8      | Reached skill level 7 in Shields
 10029 | D:7      | Reached skill level 7 in Armour
 10343 | D:8      | Reached skill level 7 in Invocations
 10709 | D:8      | Found Qemodda's Assorted Antiques.
 10712 | D:8      | Bought a scroll labeled SABAPA CIRAE for 22 gold pieces
 10712 | D:8      | Bought a scroll of teleportation for 66 gold pieces
 10898 | D:8      | Found a sacrificial altar of Ru.
 10957 | D:8      | Reached ** piety under Qazlal
 10957 | D:8      | Reached skill level 10 in Fighting
 11935 | D:9      | Found a staircase to the Lair.
 11947 | D:9      | Got a pair of ancient boots
 11981 | D:9      | Reached skill level 8 in Invocations
 11999 | D:9      | Reached skill level 8 in Armour
 11999 | D:9      | Reached skill level 8 in Shields
 11999 | D:9      | Reached XP level 11. HP: 89/99 MP: 17/17
 12335 | D:10     | Entered Level 10 of the Dungeon
 12348 | D:10     | Noticed a manticore
 12368 | D:10     | Killed a manticore
 12432 | D:10     | Reached skill level 9 in Invocations
 12771 | D:8      | Identified the +4 pair of boots "Merghesou" {rC+ rCorr}
                  | (You found it on level 9 of the Dungeon)
 13071 | D:10     | Noticed Maurice
 13080 | D:10     | Killed Maurice
 13400 | D:10     | Reached skill level 10 in Invocations
 13464 | D:10     | Noticed a cyclops
 13488 | D:10     | Killed a cyclops
 13796 | D:10     | Reached skill level 11 in Fighting
 13844 | D:10     | Found a staircase to the Orcish Mines.
 13868 | D:10     | Noticed a two-headed ogre
 13879 | D:10     | Killed a two-headed ogre
 13879 | D:10     | Reached skill level 11 in Invocations
 14074 | D:10     | Noticed a centaur warrior
 14088 | D:10     | Killed a centaur warrior
 14278 | D:11     | Noticed a deep elf mage
 14349 | Lair:1   | Entered Level 1 of the Lair of Beasts
 14483 | Lair:1   | Reached skill level 12 in Invocations
 14483 | Lair:1   | Reached XP level 12. HP: 82/110 MP: 19/21
 14647 | Lair:1   | Got a sparkling glass ring
 15179 | Lair:1   | Identified the ring "Poejac" {MP-9 EV+1 Str+7 Int-4 Dex+9}
                  | (You found it on level 1 of the Lair of Beasts)
 15896 | Lair:2   | Noticed a catoblepas
 15903 | Lair:2   | Reached skill level 13 in Invocations
 15933 | Lair:2   | Killed a catoblepas
 16324 | Lair:2   | Reached skill level 12 in Fighting
 16409 | Lair:2   | Noticed an eight-headed hydra
 16418 | Lair:2   | Killed an eight-headed hydra
 17298 | Lair:3   | Reached *** piety under Qazlal
 17342 | Lair:3   | Reached skill level 13 in Fighting
 17554 | Lair:3   | Reached skill level 1 in Dodging
 17729 | Lair:3   | Reached XP level 13. HP: 109/122 MP: 22/22
 18155 | Lair:3   | Reached skill level 2 in Dodging
 18510 | Lair:4   | Found a hole to the Spider Nest.
 18549 | Lair:4   | Found a runed translucent gate.
 18549 | Lair:4   | Found a runed translucent gate.
 18549 | Lair:4   | Found a runed translucent gate.
 18643 | Lair:4   | Noticed a death ooze
 18644 | Lair:4   | Noticed Fifowuza's ghost (journeyman DrTm)
 18652 | Lair:4   | Found a viscous altar of Jiyva.
 18692 | Lair:4   | Reached skill level 9 in Armour
 18692 | Lair:4   | Reached skill level 9 in Shields
 18730 | Lair:4   | Reached skill level 3 in Dodging
 19317 | Lair:4   | Found a staircase to the Swamp.
 20219 | Lair:5   | Reached skill level 4 in Dodging
 20476 | Lair:5   | Found a viscous altar of Jiyva.
 20477 | Lair:5   | Found a staircase to the Slime Pits.
 20478 | Lair:5   | Found a viscous altar of Jiyva.
 20630 | Lair:6   | Entered Level 6 of the Lair of Beasts
 20814 | Lair:6   | Reached skill level 10 in Armour
 20814 | Lair:6   | Reached skill level 10 in Shields
 20881 | Lair:6   | Reached skill level 5 in Dodging
 21227 | Lair:6   | Reached **** piety under Qazlal
 21478 | Lair:6   | Reached XP level 14. HP: 129/129 MP: 23/23
 21655 | Lair:6   | Reached skill level 14 in Fighting
 21893 | Lair:6   | Got a vibrating copper amulet
 21894 | Lair:6   | Identified the amulet of Uquip {Reflect rElec SH+5} (You
                  | found it on level 6 of the Lair of Beasts)
 22398 | D:11     | Reached skill level 14 in Invocations
 22626 | D:11     | Noticed Sonja
 22634 | D:11     | Killed Sonja
 22669 | D:11     | Reached ***** piety under Qazlal
 22669 | D:11     | Reached skill level 15 in Invocations
 22760 | D:11     | Found a large runed door.
 22760 | D:11     | Found a large runed door.
 22778 | D:11     | Found a large runed door.
 22778 | D:11     | Found a large runed door.
 22779 | D:11     | Noticed a frost giant
 22806 | D:11     | Killed a frost giant
 23606 | D:11     | Reached skill level 11 in Armour
 23621 | D:11     | Reached skill level 11 in Shields
 25059 | D:6      | Killed PlayerOfArmor's ghost
 25299 | D:12     | Entered Level 12 of the Dungeon
 25388 | D:12     | Noticed Kirke
 25396 | D:12     | Reached XP level 15. HP: 136/139 MP: 26/26
 25403 | D:12     | Killed Kirke
 26084 | D:12     | Reached skill level 15 in Fighting
 26173 | D:12     | Found a gate to the Vaults.
 26341 | D:12     | Found a staircase to the Depths.
 26946 | Orc      | Entered the Orcish Mines
 26961 | Orc      | Reached skill level 16 in Invocations
 28596 | Orc      | Found a staircase to the Elven Halls.
 28675 | Orc      | Found Kytet's Armour Shoppe.
 28675 | Orc      | Found Qaguegh's Jewellery Emporium.
 28676 | Orc      | Found Savuming's General Store.
 28679 | Orc      | Found Nuojiam's Antique Weapon Shoppe.
 28718 | Orc      | Found Zatep's Armour Boutique.
 29024 | Elf:1    | Entered Level 1 of the Elven Halls
 29152 | Elf:1    | Found Woqirchuc's Jewellery Shoppe.
 29161 | Elf:1    | Reached skill level 17 in Invocations
 29668 | Elf:1    | Noticed a deep elf sorcerer
 29669 | Elf:1    | Killed a deep elf sorcerer
 29669 | Elf:1    | Reached XP level 16. HP: 151/151 MP: 22/28
 29770 | Elf:1    | Found Fienajaz's General Store.
 29774 | Elf:1    | Bought a potion of curing for 48 gold pieces
 29774 | Elf:1    | Bought a scroll of fog for 32 gold pieces
 29774 | Elf:1    | Bought a scroll of fog for 32 gold pieces
 29774 | Elf:1    | Bought a potion of curing for 48 gold pieces
 29801 | Elf:1    | Noticed Donald
 29808 | Elf:1    | Killed Donald
 29808 | Elf:1    | Reached skill level 16 in Fighting
 29921 | Elf:1    | Found Qaycsor's Distillery.
 29942 | Elf:1    | Bought a potion of might for 60 gold pieces
 29942 | Elf:1    | Bought a potion of heal wounds for 75 gold pieces
 29942 | Elf:1    | Bought a potion of heal wounds for 75 gold pieces
 29982 | Elf:1    | Found Xiwiteru's General Store.
 29987 | Elf:1    | Bought a potion of curing for 30 gold pieces
 30353 | Elf:2    | Noticed Roxanne
 30366 | Elf:2    | Killed Roxanne
 30568 | Elf:2    | Found a runed gate.
 30568 | Elf:2    | Found a runed gate.
 30569 | Elf:2    | Found a runed gate.
 30922 | Elf:2    | Noticed Bai Suzhen
 30941 | Elf:2    | Killed Bai Suzhen
 31348 | Elf:2    | Reached skill level 12 in Shields
 31353 | Elf:2    | Reached skill level 12 in Armour
 31498 | Elf:2    | Noticed Aizul
 31525 | Elf:2    | Killed Aizul
 31910 | Elf:2    | Reached skill level 18 in Invocations
 31964 | Elf:2    | Noticed Jorgrun
 31983 | Elf:2    | Killed Jorgrun
 32795 | Swamp:1  | Entered Level 1 of the Swamp
 32933 | Orc      | Bought an uncursed ring of flight for 192 gold pieces
 33247 | Lair:4   | Reached XP level 17. HP: 70/158 MP: 30/30
 34239 | Swamp:1  | Reached skill level 13 in Shields
 34246 | Swamp:1  | Reached skill level 13 in Armour
 34291 | Swamp:1  | Reached skill level 19 in Invocations
 34540 | Swamp:1  | Noticed a tentacled monstrosity
 34557 | Swamp:1  | Killed a tentacled monstrosity
 35660 | Swamp:2  | Identified a scroll of acquirement
 35662 | Swamp:2  | Got a transparent buckler
 35673 | Swamp:2  | Identified the +2 buckler "Kyeptonu" {rElec} (You acquired
                  | it on level 2 of the Swamp)
 35921 | Swamp:3  | Entered Level 3 of the Swamp
 35960 | Swamp:3  | Found a frozen archway.
 35976 | IceCv    | Entered an ice cave
 36119 | IceCv    | Identified Vufrurit's Handbook of Feathery Toxins
 36455 | IceCv    | Got a jewelled buckler
 36466 | IceCv    | Identified the +0 buckler of the Stars {Int+5 Stlth+} (You
                  | found it in an ice cave)
 36852 | IceCv    | Noticed an Ice Fiend
 36856 | IceCv    | Killed an Ice Fiend
 36997 | IceCv    | Identified the Grimoire of Ice and Sinister Secrets
 37001 | IceCv    | Got an ichor-stained mace
 37002 | IceCv    | Identified the cursed +3 mace "Bimm" {flame, rF+ Int+7
                  | Stlth+} (You found it in an ice cave)
 37774 | Swamp:3  | Noticed a bone dragon
 37802 | Swamp:3  | Killed a bone dragon
 37917 | Swamp:3  | Reached XP level 18. HP: 157/168 MP: 31/31
 37981 | Swamp:3  | Got a decaying rune of Zot
 38374 | Spider:1 | Entered Level 1 of the Spider Nest
 38625 | Spider:1 | Identified the +3 great sword of Defence by Offence {flame,
                  | *Contam rElec MR+}
 39486 | Spider:2 | Reached skill level 14 in Shields
 39511 | Spider:2 | Reached skill level 14 in Armour
 39523 | Spider:2 | Reached skill level 17 in Fighting
 39543 | Spider:2 | Reached ****** piety under Qazlal
 40003 | Spider:3 | Entered Level 3 of the Spider Nest
 40037 | Spider:3 | Reached skill level 20 in Invocations
 40168 | Spider:3 | Identified the +6 scale mail of Pessimism {rPois MR+ Int+4}
 41132 | Spider:3 | Got a gossamer rune of Zot
 41466 | Vaults:1 | Entered Level 1 of the Vaults
 41576 | Vaults:1 | Reached XP level 19. HP: 148/177 MP: 33/33
 41788 | Vaults:1 | Found Bimas's Armour Shoppe.
 42349 | Vaults:1 | Reached skill level 15 in Shields
 42357 | Vaults:1 | Reached skill level 15 in Armour
 42558 | Vaults:1 | Found a runed translucent gate.
 42558 | Vaults:1 | Found a runed translucent gate.
 42558 | Vaults:1 | Found a runed translucent gate.
 42558 | Vaults:1 | Noticed abarbat's ghost (adept MiBe)
 42650 | Vaults:1 | Reached skill level 18 in Fighting
 42716 | Vaults:1 | Identified the +6 scale mail of Spring {rElec rCorr}
 42720 | Vaults:1 | Identified the cursed +2 great sword of the Gloaming {vamp,
                  | Dex+2}
 42720 | Vaults:1 | Identified the +5 plate armour of the Country {Int+4}
 42728 | Vaults:1 | Found a roughly hewn altar of Beogh.
 42748 | Vaults:1 | Reached skill level 21 in Invocations
 42757 | Vaults:1 | Killed abarbat's ghost
 42815 | Vaults:1 | Identified the cursed +1 falchion "Fyloclic" {slice, Str+4
                  | Dex-2 SInv}
 43257 | Vaults:2 | Reached skill level 6 in Dodging
 43293 | Vaults:2 | Found a flickering gateway to a bazaar.
 43303 | Bazaar   | Entered a bazaar
 43303 | Bazaar   | Found Firunwiv's Distillery.
 43313 | Bazaar   | Found Ewet's Antique Armour Shoppe.
 43319 | Bazaar   | Bought a dazzling helmet for 361 gold pieces
 43319 | Bazaar   | Identified the +2 helmet of Brilliance {rElec rN+++ rCorr
                  | Int-4} (You bought it in a shop in a bazaar)
 43330 | Bazaar   | Found Efiapnuv's Jewellery Boutique.
 43340 | Bazaar   | Found Piys's Antique Armour Shop.
 43373 | Bazaar   | Bought a heavily runed plate armour for 1064 gold pieces
 43373 | Bazaar   | Identified the +9 plate armour of the Wasteland {rPois rF+
                  | Str+4} (You bought it in a shop in a bazaar)
 43381 | Bazaar   | Bought a potion of curing for 30 gold pieces
 43381 | Bazaar   | Bought a potion of resistance for 100 gold pieces
 43381 | Bazaar   | Bought a potion of heal wounds for 50 gold pieces
 43381 | Bazaar   | Bought a potion of curing for 30 gold pieces
 43381 | Bazaar   | Bought a potion of agility for 40 gold pieces
 43381 | Bazaar   | Bought a potion of heal wounds for 50 gold pieces
 43381 | Bazaar   | Bought a potion of agility for 40 gold pieces
 43381 | Bazaar   | Bought a potion of might for 40 gold pieces
 43381 | Bazaar   | Bought a potion of flight for 30 gold pieces
 43420 | Vaults:2 | Reached XP level 20. HP: 184/187 MP: 34/34
 43557 | Vaults:2 | Found a staircase to the Crypt.
 43857 | Vaults:2 | Identified the +8 great sword of Apileurph {freeze, +Fly
                  | rC++ Str-2}
 44903 | D:11     | Reached skill level 7 in Dodging
 45486 | Elf:3    | Entered Level 3 of the Elven Halls
 45491 | Elf:3    | Reached skill level 16 in Shields
 45491 | Elf:3    | Reached skill level 16 in Armour
 45494 | Elf:3    | Reached skill level 22 in Invocations
 45707 | Elf:3    | Reached skill level 8 in Dodging
 45770 | Elf:3    | Identified the amulet "Lypoemi" {*Corrode Regen+ Dex+5
                  | Slay+2}
 45864 | Elf:3    | Noticed a Shadow Fiend
 45988 | Elf:3    | Identified the cursed +3 broad axe "Mooziergh" {flame, MP+9
                  | Str+3 Dex+6 Stlth+}
 45998 | Elf:3    | Identified the +7 short sword "Beetleslayer" {pain, MP+9
                  | Str+3 Stlth+}
 45999 | Elf:3    | Reached skill level 23 in Invocations
 46075 | Elf:3    | Identified the +9 rapier "Cuikoadd" {holy, rPois Str+3
                  | Dex-5}
 46143 | Elf:3    | Identified the +0 pair of gloves of Pragmatism {*Corrode
                  | rF+ MP+9 Int+5}
 46182 | Elf:3    | Identified The Handbook of Greatest Risks and Utility
 46193 | Elf:3    | Identified the +4 chain mail "Zisup" {+Fly MR+++ rCorr
                  | Int-4}
 46271 | Elf:3    | Found Remuttepp's General Store.
 46536 | Elf:3    | Bought a potion of mutation for 152 gold pieces
 46536 | Elf:3    | Bought the +0 helmet of the Cricket {*Contam rF+ Slay+3
                  | Stlth+} for 511 gold pieces
 47061 | Slime:1  | Entered Level 1 of the Pits of Slime
 47070 | Slime:1  | Reached XP level 21. HP: 194/194 MP: 36/36
 47165 | Lair:4   | Killed Fifowuza's ghost
 47511 | Slime:5  | Entered Level 5 of the Pits of Slime
 47535 | Slime:5  | Reached skill level 9 in Dodging
 47752 | Slime:5  | Noticed the Royal Jelly
 47766 | Slime:5  | Killed the Royal Jelly
 48019 | Slime:5  | Identified the Catalogue of Arcane Weapons
 48022 | Slime:5  | Identified the Reference Book on Calling and Talismans
 48032 | Slime:5  | Identified the Grimoire of Dusty Hexes
 48050 | Slime:5  | Found the +6 Majin-Bo {vamp, *Drain Str+12 Int+24}
 48067 | Slime:5  | Got a slimy rune of Zot
 48080 | Slime:5  | Identified the Compendium of the Blistering Traveller
 48114 | Slime:5  | Reached skill level 17 in Shields
 48140 | Slime:5  | Identified the +10 great sword of Moral Flaws {elec, rElec}
 48206 | Slime:3  | Reached skill level 17 in Armour
 48444 | Depths:1 | Entered Level 1 of the Depths
 48580 | Depths:1 | Reached skill level 10 in Dodging
 48821 | Depths:1 | Found a gateway to Hell.
 48965 | Depths:1 | Found a one-way gate leading to the halls of Pandemonium.
 48992 | Depths:1 | Reached XP level 22. HP: 187/202 MP: 37/37
 49179 | Depths:1 | Paralysed by a floating eye for 4 turns
 49184 | Depths:1 | Found a gateway to a ziggurat.
 49574 | Depths:2 | Noticed a golden dragon
 49587 | Depths:2 | Killed a golden dragon
 49587 | Depths:2 | Reached skill level 18 in Armour
 49587 | Depths:2 | Reached skill level 18 in Shields
 49611 | Depths:2 | Noticed a golden dragon
 49629 | Depths:2 | Killed a golden dragon
 49779 | Depths:2 | Noticed Sojobo
 49793 | Depths:2 | Killed Sojobo
 50154 | Depths:2 | Found the +8 arc blade {discharge, rElec}
 50244 | Depths:2 | Found a one-way gate to the infinite horrors of the Abyss.
 50678 | Depths:3 | Gained mutation: You are dopey. (Int -2) [a cacodemon]
 50689 | Depths:3 | Gained mutation: You are occasionally teleported next to
                  | monsters. [a cacodemon]
 50696 | Depths:3 | Reached XP level 23. HP: 153/209 MP: 35/38
 50857 | Depths:2 | Lost mutation: You are dopey. (Int -2) [potion of mutation]
 50857 | Depths:2 | Lost mutation: You are occasionally teleported next to
                  | monsters. [potion of mutation]
 50857 | Depths:2 | Gained mutation: You are occasionally teleported next to
                  | monsters. [potion of mutation]
 50857 | Depths:2 | Gained mutation: You are agile. (Dex +2) [potion of
                  | mutation]
 50857 | Depths:2 | Gained mutation: You are robust. (+10% HP) [potion of
                  | mutation]
 50857 | Depths:2 | Gained mutation: Your system is resistant to poisons.
                  | (rPois) [potion of mutation]
 50858 | Depths:2 | Lost mutation: You are occasionally teleported next to
                  | monsters. [potion of mutation]
 50858 | Depths:2 | Lost mutation: You are agile. (Dex +2) [potion of mutation]
 50858 | Depths:2 | Lost mutation: You are robust. (+10% HP) [potion of
                  | mutation]
 50858 | Depths:2 | Gained mutation: Your mind is acute. (Int +2) [potion of
                  | mutation]
 50858 | Depths:2 | Gained mutation: Your muscles are strong. (Str +2) [potion
                  | of mutation]
 51294 | Depths:3 | Reached skill level 24 in Invocations
 52007 | Depths:4 | Noticed Boris
 52028 | Depths:4 | Killed Boris
 52036 | Depths:4 | Reached skill level 11 in Dodging
 52149 | Depths:4 | Noticed Frederick
 52178 | Depths:4 | Killed Frederick
 52373 | Depths:4 | Noticed a caustic shrike
 52375 | Depths:4 | Killed a caustic shrike
 52685 | Depths:4 | Noticed a Killer Klown
 52721 | Depths:4 | Killed a Killer Klown
 52721 | Depths:4 | Reached skill level 19 in Armour
 52721 | Depths:4 | Reached skill level 19 in Shields
 53068 | Depths:4 | Found a portal to a secret trove of treasure.
 53358 | Depths:4 | Noticed a golden dragon
 53365 | Depths:4 | Killed a golden dragon
 53365 | Depths:4 | Reached skill level 25 in Invocations
 53365 | Depths:4 | Reached XP level 24. HP: 210/218 MP: 39/39
 53581 | Depths:5 | Entered Level 5 of the Depths
 53596 | Depths:5 | Noticed Boris
 53794 | Depths:5 | Killed Boris
 53821 | Depths:5 | Identified the +6 scale mail "Raest" {Str+4 Stlth+}
 53941 | Depths:5 | Noticed a golden dragon
 53958 | Depths:5 | Killed a golden dragon
 54093 | Depths:5 | Noticed a golden dragon
 54095 | Depths:5 | Noticed a golden dragon
 54105 | Depths:5 | Killed a golden dragon
 54117 | Depths:5 | Killed a golden dragon
 54319 | Depths:5 | Found a gate to the Realm of Zot.
 55380 | Crypt:1  | Entered Level 1 of the Crypt
 55401 | Crypt:1  | Reached skill level 12 in Dodging
 55581 | Crypt:1  | Reached skill level 26 in Invocations
 55880 | Crypt:1  | Found the +7 longbow "Piercer" {penet, EV-2}
 56269 | Crypt:1  | Found the +5 robe of Misfortune {Harm *Corrode *Slow EV+5}
 56401 | Crypt:2  | Entered Level 2 of the Crypt
 56422 | Crypt:2  | Found an ancient bone altar of Kikubaaqudgha.
 56428 | Crypt:2  | Reached skill level 19 in Fighting
 56534 | Crypt:2  | Reached XP level 25. HP: 226/226 MP: 40/40
 56803 | Crypt:2  | Found a staircase to the Tomb.
 56907 | Crypt:2  | Noticed Boris
 56919 | Crypt:2  | Killed Boris
 57080 | Crypt:2  | Identified the +3 glaive of the Shining Light {venom, +Fly
                  | rF++ Dex+2}
 57474 | Crypt:2  | Noticed an ancient lich
 57475 | Crypt:2  | Noticed an ancient lich
 57481 | Crypt:2  | Killed an ancient lich
 57493 | Crypt:2  | Killed an ancient lich
 57501 | Crypt:2  | Identified the cursed +2 arbalest of the Desolation of Salt
                  | {penet, rPois Str+3}
 57504 | Crypt:2  | Identified the +2 pair of gloves of Yloeclogua {+Fly}
 57779 | Crypt:2  | Reached skill level 20 in Armour
 58351 | Crypt:2  | Reached skill level 20 in Shields
 58391 | Crypt:2  | Identified Fooblaad's Disquisition on Dark Rites
 58681 | Vaults:3 | Entered Level 3 of the Vaults
 58692 | Vaults:3 | Reached skill level 27 in Invocations
 58969 | Vaults:3 | Reached skill level 13 in Dodging
 58975 | Vaults:3 | Noticed Mara
 58982 | Vaults:2 | Reached XP level 26. HP: 199/235 MP: 18/40
 59108 | Vaults:3 | Noticed Artagas's illusion
 59111 | Vaults:3 | Noticed Artagas's illusion
 59116 | Vaults:3 | Killed Mara
 59133 | Vaults:3 | Reached skill level 21 in Armour
 59496 | Vaults:3 | Got a silver rune of Zot
 59767 | Vaults:3 | Identified the ring "Kehis" {rF+ rC+ Int+2}
 59834 | Vaults:3 | Identified the Handbook of the Undertaker
 59973 | Vaults:3 | Identified the ring of Dishonour {rPois rF+ rN+ MP+9}
 60030 | Vaults:3 | Identified the +10 whip of Vanity {freeze, *Noise +Rage
                  | Str+6 Dex+4}
 60693 | Zot:1    | Entered Level 1 of the Realm of Zot
 60699 | Zot:1    | Noticed a golden dragon
 60703 | Zot:1    | Noticed a golden dragon
 60718 | Zot:1    | Killed a golden dragon
 60718 | Zot:1    | Reached skill level 20 in Fighting
 60720 | Zot:1    | Killed a golden dragon
 60720 | Zot:1    | Reached skill level 14 in Dodging
 61087 | Zot:1    | Found a large runed translucent door.
 61565 | Zot:2    | Reached skill level 22 in Armour
 61912 | Zot:4    | Noticed a Killer Klown
 62193 | Zot:4    | Reached XP level 27. HP: 185/244 MP: 40/40
 62194 | Zot:4    | Killed a Killer Klown
 62194 | Zot:4    | Noticed a golden dragon
 62607 | Zot:4    | Noticed a golden dragon
 62619 | Zot:4    | Killed a golden dragon
 62624 | Zot:4    | HP: 25/244 [??? (22)]
 63003 | Zot:4    | Killed a golden dragon
 63141 | Zot:5    | Entered Level 5 of the Realm of Zot
 63324 | Zot:5    | Noticed a golden dragon
 63345 | Zot:5    | Killed a golden dragon
 63746 | Zot:5    | Noticed an ancient lich
 63759 | Zot:5    | Noticed an ancient lich
 63766 | Zot:5    | Noticed an ancient lich
 63775 | Zot:5    | Killed an ancient lich
 63779 | Zot:5    | Killed an ancient lich
 63828 | Zot:5    | Killed an ancient lich
 63828 | Zot:5    | Reached skill level 15 in Dodging
 63829 | Zot:5    | Reached skill level 21 in Shields
 63973 | Zot:5    | Noticed a Killer Klown
 63996 | Zot:5    | Killed a Killer Klown
 64020 | Zot:5    | Noticed an ancient lich
 64032 | Zot:5    | Noticed an ancient lich
 64035 | Zot:5    | Killed an ancient lich
 64048 | Zot:5    | Killed an ancient lich
 64053 | Zot:5    | Noticed an orb of fire
 64061 | Zot:5    | Gained mutation: Your body sometimes deteriorates upon
                  | taking damage. [an orb of fire]
 64064 | Zot:5    | Gained mutation: Your body often deteriorates upon taking
                  | damage. [an orb of fire]
 64068 | Zot:5    | Gained mutation: You are somewhat resistant to further
                  | mutation. [an orb of fire]
 64069 | Zot:5    | Killed an orb of fire
 64069 | Zot:5    | Reached skill level 23 in Armour
 64273 | Zot:5    | Noticed a golden dragon
 64294 | Zot:5    | Killed a golden dragon
 64307 | Zot:5    | Noticed a Killer Klown
 64316 | Zot:5    | Noticed a golden dragon
 64326 | Zot:5    | Killed a Killer Klown
 64331 | Zot:5    | Killed a golden dragon
 64446 | Zot:5    | Noticed a Killer Klown
 64456 | Zot:5    | Killed a Killer Klown
 64493 | Zot:5    | Identified the +6 scale mail of Lies {rCorr Str+4 Int+3
                  | Dex-5}
 64498 | Zot:5    | Noticed an ancient lich
 64513 | Zot:5    | Killed an ancient lich
 64513 | Zot:5    | Reached skill level 21 in Fighting
 64548 | Zot:5    | Noticed an orb of fire
 64550 | Zot:5    | Noticed an orb of fire
 64559 | Zot:5    | Gained mutation: Your magical capacity is low. (-10% MP)
                  | [an orb of fire]
 64561 | Zot:5    | Noticed an orb of fire
 64566 | Zot:5    | Noticed a golden dragon
 64576 | Zot:5    | Lost mutation: Your muscles are strong. (Str +2) [an orb of
                  | fire]
 64578 | Zot:5    | Killed an orb of fire
 64585 | Zot:5    | Killed an orb of fire
 64593 | Zot:5    | Lost mutation: Your body often deteriorates upon taking
                  | damage. [an orb of fire]
 64594 | Zot:5    | Killed an orb of fire
 64602 | Zot:5    | Killed a golden dragon
 64676 | Zot:5    | Noticed a golden dragon
 64704 | Zot:5    | Killed a golden dragon
 64869 | Zot:5    | Got the Orb of Zot
 64911 | Zot:5    | Noticed a Killer Klown
 64925 | Zot:5    | Killed a Killer Klown
 64935 | Zot:5    | Noticed Duteilioj the pandemonium lord
 64937 | Zot:5    | Noticed a Killer Klown
 64951 | Zot:5    | Noticed Oseyzur the pandemonium lord
 65053 | Zot:2    | HP: 37/250 [??? (28)]
 65127 | Depths:5 | Reached skill level 16 in Dodging
 65366 | D:10     | Noticed Etoth the pandemonium lord
 65542 | D:$      | Escaped with the Orb!

Skill      XL: |  1  2  3  4  5  6  7  8  9 10 11 12 13 14 15 16 17 18 19 20 21 22 23 24 25 26 27 |
---------------+----------------------------------------------------------------------------------+-----
Fighting       | 5 6 7 8 9 10 11 13 14 15 16 17 18 19 20 21 | 21.2
Armour         | 4 5 6 8 10 11 12 13 14 15 16 17 18 19 20 22 23 | 23.7
Shields        | 4 5 6 8 10 11 12 13 14 15 16 17 18 19 20 21 | 21.9
Evocations     | 2 5 |  5.1
Invocations    | 1 5 8 12 13 15 17 18 19 20 21 23 25 26 27 | 27.0
Dodging        | 1 5 6 8 10 11 12 13 14 16 | 16.0
Short Blades   | | 21.2
Long Blades    | | 21.2
Axes           | | 21.2
Maces & Flails | | 21.2
Polearms       | | 21.2
Staves         | | 21.2
Unarmed Combat | | 21.2

Action                   |  1- 3 |  4- 6 |  7- 9 | 10-12 | 13-15 | 16-18 | 19-21 | 22-24 | 25-27 || total
-------------------------+-------+-------+-------+-------+-------+-------+-------+-------+-------++-------
Melee: War axe           |    71 |       |       |       |   108 |  1243 |   708 |       |       ||  2130
       Spear             |    71 |   219 |       |       |       |       |       |       |       ||   290
       Whip              |       |     7 |   485 |   598 |       |       |       |       |       ||  1090
       Long sword        |       |       |       |   351 |   953 |       |       |       |       ||  1304
       Dagger            |       |       |       |     3 |    31 |       |       |       |       ||    34
       Scimitar          |       |       |       |       |   158 |    39 |       |       |       ||   197
       Eveningstar       |       |       |       |       |       |     1 |       |       |       ||     1
       Broad axe         |       |       |       |       |       |       |   326 |  1141 |  1098 ||  2565
Throw: Javelin           |       |     5 |    13 |     3 |    12 |     2 |       |       |       ||    35
Invok: Upheaval          |       |       |       |    19 |    44 |    33 |     8 |    34 |    49 ||   187
       Elemental Force   |       |       |       |       |     5 |     5 |     4 |     5 |     9 ||    28
       Disaster Area     |       |       |       |       |       |       |     3 |     3 |     4 ||    10
 Abil: Evoke Flight      |       |       |       |       |       |     7 |       |       |       ||     7
Evoke: Wand              |       |       |     5 |     7 |     4 |     4 |       |       |     7 ||    27
       Lamp of fire      |       |       |       |       |       |     2 |     1 |       |       ||     3
       Box of beasts     |       |       |       |       |       |     1 |       |       |       ||     1
  Use: Scroll            |     2 |    10 |     5 |     5 |    19 |     6 |     5 |     1 |    29 ||    82
       Potion            |     1 |     3 |       |       |     1 |     6 |       |     2 |    33 ||    46
 Stab: Paralysed         |       |       |       |    18 |       |       |       |       |       ||    18
       Petrified         |       |       |       |     3 |       |       |       |       |       ||     3
       Distracted        |       |       |       |     1 |     1 |     1 |       |     1 |     4 ||     8
       Confused          |       |       |       |       |       |     1 |       |       |       ||     1
  Eat: Chunk             |     1 |     6 |    10 |    24 |    33 |    33 |    12 |    16 |     7 ||   142
       Ration            |       |     1 |     2 |     1 |     2 |     2 |     5 |     3 |     8 ||    24
Armor: Scale mail        |    40 |       |       |       |       |       |       |       |       ||    40
       Chain mail        |    20 |     7 |       |       |       |       |       |       |       ||    27
       Plate armour      |       |    73 |   135 |   287 |   319 |   483 |   267 |   321 |   238 ||  2123
       Ring mail         |       |       |       |       |       |     3 |       |       |       ||     3
Dodge: Dodged            |    35 |    19 |    55 |   105 |   146 |   178 |   109 |   275 |   190 ||  1112
       Deflected         |       |       |       |       |    12 |     4 |    12 |    18 |    14 ||    60
Block: Shield            |    63 |    64 |   168 |   521 |  1163 |  1026 |       |       |       ||  3005
       Reflection        |       |       |       |       |    68 |    26 |    87 |    58 |    37 ||   276
       Large shield      |       |       |       |       |       |   277 |  1081 |  1552 |  1277 ||  4187

Levels and vault maps discovered:
D:1:      dpeg_arrival_pits, layout_basic
D:2:      layout_loops_ring, uniq_jessica
D:3:      layout_basic, lemuel_doored_altar, first_ration, minmay_statues_item
D:4:      layout_rooms, nicolae_overflow_hidden_temple, serial_bayou,
          serial_bayou_lagoon_b, serial_bayou_lake_a, serial_bayou_crossing,
          serial_bayou_shore_b, serial_bayou_shore_b, serial_bayou_shore_b
D:5:      layout_cave_pools, grunt_temple_overflow_order_and_chaos_1,
          serial_shops, nicolae_shop_statue_plus,
          nicolae_ossuary_entry_monument, patterned_corridor
D:6:      layout_loops_ring, minmay_temple_entry_arrows, gammafunk_ghost_split,
          basic_altar, elyvilon_altar_1
D:7:      layout_rooms, minmay_overflow_temple_hex, minitemple
D:8:      layout_basic, nicolae_ru_path_of_blood, overflow_temple_1_default,
          enter_bailey_2, serial_shops, nicolae_shop_behind_doors
D:9:      layout_roguey, lair_entry_dummy
D:10:     layout_basic, hangedman_fish_farm, kennysheep_nondescript,
          nrook_uturn, minivault_5, nrook_campfire, uniq_maurice
D:11:     layout_stronghold, minmay_hollow_rounded_squares, uniq_sonja
D:12:     hangedman_depths_entry_try_elsewhere_first, layout_cave_pods,
          david_vaults_2, special_room [special_room_bee], uniq_kirke
Temple:   compressed_dpeg_triangle_lava_temple
Lair:1:   statuecave_lemuel, layout_regular_city, minmay_lair_oklob_chamber,
          infiniplex_staircase_pool_2, serial_bayou_shore_b
Lair:2:   layout_chaotic_city, chequers_serial_rivers_micro_e,
          gammafunk_lair_bear_cave, serial_bayou_shore_a
Lair:3:   dpeg_oklob_gauntlet, layout_regular_city, eino_house_with_fridge
Lair:4:   layout_regular_city, swamp_mist_pool,
          nicolae_spider_entry_orb_guardian, gammafunk_ghost_ooze,
          serial_bayou_shore_b
Lair:5:   layout_long_grid, nicolae_slime_entry_slimehenge,
          minmay_lair_oklob_items, lemuel_fruit_tree
Lair:6:   minmay_lair_end_enchanted_forest, layout_gridlike
Swamp:1:  cheibrodos_swamp_monstrosity, layout_basic_swamp,
          evilmike_swamp_ruin_house_1
Swamp:2:  layout_falls_marsh, serial_swamp_ruin, evilmike_swamp_ruin_house_2,
          evilmike_swamp_ruin_rubble_1, evilmike_swamp_ruin_house_4, swamp_pool2
Swamp:3:  swamp_pestilence, layout_basic_swamp, portal_ice_cave_entry_ugly_swarm
Spider:1: layout_spider_delve
Spider:2: layout_spider_delve
Spider:3: grunt_spider_rune_parallel, minmay_another_anthill
Slime:1:  cheibrodos_slime_lost_civilization_9, layout_caves,
          cheibrodos_slime_lost_civilization_4
Slime:2:  layout_caves
Slime:3:  layout_caves
Slime:4:  layout_caves
Slime:5
Orc:      st_orc_mages, layout_caves, serial_shops, shop_coins
Elf:1:    layout_geoelf_diagonals, serial_shops, nicolae_shop_statue_plus, shop,
          shop, shop, evilmike_minifort, nicolae_elf_big_sculpture_3,
          uniq_donald
Elf:2:    layout_geoelf_grid, uniq_aizul, uniq_jorgrun, uniq_bai_suzhen,
          uniq_roxanne
Elf:3:    grunt_elf_hall_spiral, layout_rooms, serial_shops,
          nicolae_shop_competitors_out_of_business, minmay_misc_feat_columns
Vaults:1: biasface_vaults_ghost_orc_armoury, nicolae_vaults_big_angled_halls,
          hangedman_vaults_locks, v_rooms_5, v_misc_8, hangedman_vaults_slither,
          nicolae_vaults_network_periphery, vaults_room_hangedman_quadrants,
          dpeg_vaults_monster_row, nicolae_vaults_mini_display_case,
          layout_vaults_omnicross, serial_shops, shop
Vaults:2: v_pattern_1, dpeg_vaults_waves, blue_anna_dwarven_crypt, v_rooms_5,
          nicolae_vaults_rhombus_6, hangedman_vaults_stitches, v_misc_11,
          nicolae_vaults_three_branches, ontoclasm_vaults_spin, v_alt_pattern_3,
          vaults_room_grid, nicolae_vaults_little_squares_3, layout_vaults_maze,
          serial_shops, bzr_entry_lakeside
Vaults:3: serial_shops, uniq_mara
Crypt:1:  layout_misc_corridors, minmay_guarded_unrand_curses
Crypt:2:  evilmike_haunted_forest
Depths:1: layout_cave_pools, enter_ziggurat_d, grunt_pan_entry_spiral,
          hell_entry, serial_bayou_pond_d, serial_column_ruins,
          column_ruins_hut_ruined, column_ruins_open_large, column_ruins_grid_1,
          column_ruins_grid_2, column_ruins_columns_straight,
          column_ruins_columns_water, column_ruins_columns_dead_end,
          column_ruins_open_tiny, corexii_corridor_pit, minmay_liquid_box,
          hangedman_decor_points
Depths:2: minmay_tri_box, layout_basic, minmay_misc_feat_hallway,
          abyss_entry_small_statue_room, pf_hell_entry_great_geh,
          glass_columns_a, st_stairs_5, minmay_staircase_windowed_small,
          uniq_sojobo
Depths:3: minmay_skeleton_keep, layout_twisted_cross, rand_demon_pan_entry_8,
          hell_entry, eino_curves_01, st_stairs_7, infiniplex_staircase_zigzag_5
Depths:4: cross_vault, layout_gridlike, hellmouth_1, enter_trove_5, pan_entry,
          hangedman_decor_clover_reticule, abyss_entry, minivault_16,
          onia_ninara_dug_in_and_dangerous, uniq_frederick, uniq_boris
Depths:5: lemuel_castle_with_subvaults [lemuel_castle_interior_carwin_3],
          layout_cave_shapes, hangedman_coc_ice_floe, nicolae_lava_and_water,
          st_stairs_9
Zot:1:    layout_twisted_circle, ebering_ghost_disaster_area
Zot:2:    grunt_zot_stairs_overgrown, layout_misc_corridors,
          hangedman_zot_diagonal_lockstep, st_stairs_4
Zot:3:    kennysheep_six_static_rooms, layout_misc_corridors
Zot:4:    layout_onion_interference, hangedman_zot_wheel_spokes
Zot:5:    layout_basic, bh_zot_lava_cross

Table legend:
 A = Turns spent in this place as a percentage of turns spent in the entire game.
 B = Non-inter-level travel turns spent in this place as a percentage of non-inter-level travel turns spent in the entire game.
 C = Inter-level travel turns spent in this place as a percentage of turns spent in this place.
 D = Turns resting spent in this place as a percentage of non-inter-level travel turns spent in this place.
 E = Turns spent auto-exploring this place as a percentage of non-inter-level travel turns spent in this place.
 F = Non-inter-level travel turns spent in this place divided by the number of levels of this place that you've seen.
                   A       B       C       D       E      F
               +-------+-------+-------+-------+-------+----------------------
         Total | 100.0 | 100.0 |   8.4 |  21.0 |  51.7 | 1154.1
       Dungeon |  30.9 |  30.2 |  10.5 |  22.3 |  53.8 | 1508.2
        Temple |   0.3 |   0.3 |   0.0 |   0.0 |  81.3 | 166.0
          Lair |  14.6 |  14.1 |  11.7 |  17.2 |  61.2 | 1409.0
         Swamp |   5.2 |   5.3 |   6.4 |  21.6 |  54.5 | 1070.0
   Spider Nest |   4.7 |   4.7 |   8.0 |  17.6 |  53.3 | 947.0
    Slime Pits |   1.6 |   1.6 |   4.7 |  51.6 |   4.0 | 197.8
  Orcish Mines |   2.0 |   1.8 |  19.1 |  24.1 |  51.9 | 1064.0
   Elven Halls |   7.3 |   7.5 |   6.5 |  17.9 |  53.3 | 1493.3
        Vaults |   8.1 |   7.9 |  10.7 |   9.2 |  59.8 | 1580.3
         Crypt |   4.8 |   5.1 |   3.5 |   5.5 |  64.7 | 1529.5
        Depths |  11.4 |  11.6 |   6.8 |  14.2 |  56.3 | 1394.4
           Zot |   6.3 |   6.8 |   0.4 |  46.7 |  14.2 | 816.6
        Bazaar |   0.2 |   0.2 |   0.0 |   0.0 |  10.1 |  99.0
       Ossuary |   0.7 |   0.8 |   0.0 |  49.7 |  22.6 | 461.0
      Ice Cave |   2.0 |   2.2 |   0.0 |  49.4 |  24.7 | 1295.0
               +-------+-------+-------+-------+-------+----------------------

Table legend:
 A = Kills in this place as a percentage of kills in entire the game.
 B = Kills by you in this place as a percentage of kills by you in the entire game.
 C = Kills by friends in this place as a percentage of kills by friends in the entire game.
 D = Other kills in this place as a percentage of other kills in the entire game.
 E = Experience gained in this place as a percentage of experience gained in the entire game.
 F = Experience gained in this place divided by the number of levels of this place that you have seen.
                   A       B       C       D       E      F
               +-------+-------+-------+-------+-------+----------------------
         Total | 100.0 | 100.0 | 100.0 | 100.0 | 100.0 | 30080.5
       Dungeon |  16.6 |  17.6 |   2.1 |   6.8 |   4.2 | 5516.8
          Lair |   8.6 |   9.2 |   2.1 |   1.4 |   3.0 | 7822.8
         Swamp |   5.9 |   6.0 |   6.4 |   1.4 |   3.6 | 18835.3
   Spider Nest |   6.7 |   7.2 |   0.0 |   0.0 |   4.0 | 20891.7
    Slime Pits |   4.5 |   3.7 |  22.3 |   4.1 |   4.3 | 13444.8
  Orcish Mines |   2.8 |   2.8 |   5.3 |   0.0 |   0.4 | 5708.0
   Elven Halls |   6.4 |   6.6 |   5.3 |   4.1 |   8.0 | 41918.0
        Vaults |  13.9 |  13.5 |  13.8 |  25.7 |  17.8 | 92805.3
         Crypt |   7.1 |   7.7 |   0.0 |   0.0 |   7.0 | 54783.0
        Depths |  17.6 |  16.8 |  22.3 |  36.5 |  23.2 | 72542.4
           Zot |   7.0 |   6.0 |  19.1 |  20.3 |  23.9 | 74676.4
       Ossuary |   0.7 |   0.8 |   0.0 |   0.0 |   0.0 | 155.0
      Ice Cave |   2.2 |   2.3 |   1.1 |   0.0 |   0.6 | 8950.0
               +-------+-------+-------+-------+-------+----------------------
